[Event "Titled Tuesday Blitz December 27 Early 2022"]
[White "Balakrishnan, Praveen"]
[Black "Yaniuk, Volodymyr"]
[WhiteFideId "2064871"]
[BlackFideId "14133083"]
[WhiteElo "2529"]
[BlackElo "2223"]
[Result "1-0"]
[Round "03"]
[TimeControl "180+2"]
[Date "2022.12.27"]
[WhiteClock "0:01:11"]
[BlackClock "0:01:42"]

1. e4 e5 2. Nf3 Nc6 3. Bb5 Nf6 4. O-O Nxe4 5. d4 Nd6 6. Bxc6 dxc6 7. dxe5 Nf5 8. Qxd8+ Kxd8 9. Nc3 Bd7 10. h3 Kc8 11. g4 Ne7 12. Ng5 Be8 13. f4 h5 14. Kg2 hxg4 15. hxg4 c5 16. f5 f6 17. exf6 gxf6 18. Ne6 Bh6 19. Bxh6 Rxh6 20. Nxc5 b6 21. Ne6 Kb7 22. Kg3 Bc6 23. Rad1 Rg8 24. Nd8+ Kc8 25. Nxc6 Nxc6 26. Rh1 Rgh8 27. Rxh6 Rxh6 28. Nd5 Ne5 29. Ne7+ Kb7 30. Ng8 Rh8 31. Nxf6 Rg8 32. Nxg8 1-0


[Site "https://www.chess.com"]

[Event "Titled Tuesday Blitz December 27 Early 2022"]
[White "Bashirli, Saadat"]
[Black "Mohammadian, Mohammad"]
[WhiteFideId "13429990"]
[BlackFideId "12566055"]
[WhiteElo "1571"]
[BlackElo "1398"]
[Result "1-0"]
[Round "03"]
[TimeControl "180+2"]
[Date "2022.12.27"]
[WhiteClock "0:00:18"]
[BlackClock "0:00:06"]

1. d4 Nf6 2. c4 g6 3. Nc3 d5 4. cxd5 Nxd5 5. e4 Nxc3 6. bxc3 Bg7 7. Bd3 c5 8. Nf3 Nc6 9. Bb5 cxd4 10. Bxc6+ bxc6 11. cxd4 Bg4 12. Be3 Qa5+ 13. Bd2 Qd8 14. Qb3 Bxf3 15. Qxf3 Bxd4 16. Rc1 c5 17. O-O O-O 18. Bh6 Re8 19. Rfd1 Qa5 20. Qb3 Rab8 21. Qd5 Qd8 22. Qc4 Rb2 23. Rc2 Rxc2 24. Qxc2 e5 25. Qe2 Qf6 26. Bd2 Rd8 27. Ba5 Bxf2+ 28. Kh1 Rxd1+ 29. Qxd1 Bd4 30. Bd2 Qa6 31. Qb1 Qb6 32. Qf1 Qc6 33. Qb1 Qb6 34. Qf1 Qb2 35. Bh6 Qxa2 36. h3 Qa1 37. Qxa1 Bxa1 38. Kg1 Bd4+ 39. Kf1 a5 40. Ke2 a4 41. Bc1 Kf8 42. Kd3 Ke7 43. Kc4 Kd6 44. Ba3 Kc6 45. g4 Kb6 46. h4 h6 47. h5 gxh5 48. gxh5 Ka5 49. Bc1 Kb6 50. Bxh6 a3 51. Kb3 c4+ 52. Kxa3 Bc5+ 53. Kb2 Kc6 54. Bg7 1-0


[Site "https://www.chess.com"]

[Event "Titled Tuesday Blitz December 27 Early 2022"]
[White "Baskakov, Egor"]
[Black "Preotu, Razvan"]
[WhiteFideId "24197866"]
[BlackFideId "2613280"]
[WhiteElo "2215"]
[BlackElo "2475"]
[Result "1-0"]
[Round "03"]
[TimeControl "180+2"]
[Date "2022.12.27"]
[WhiteClock "0:01:39"]
[BlackClock "0:00:19"]

1. e4 c5 2. Nf3 d6 3. d4 cxd4 4. Nxd4 Nf6 5. Nc3 a6 6. a4 e5 7. Nde2 Be7 8. g3 O-O 9. Bg2 Be6 10. h3 Nbd7 11. O-O Rb8 12. a5 Qc7 13. Be3 Rfc8 14. b3 Nf8 15. Qd2 Bd7 16. Bb6 Qc6 17. Rfc1 Ne6 18. Nd5 Bf8 19. Nb4 Qxe4 20. Bxe4 Nxe4 21. Qe3 Nf6 22. c4 h6 23. Nd5 Nxd5 24. cxd5 Ng5 25. h4 Nh7 26. Rxc8 Rxc8 27. Rc1 Nf6 28. Rxc8 Bxc8 29. Qc3 Bg4 30. Qc4 h5 31. Nc3 Nd7 32. Qc7 1-0


[Site "https://www.chess.com"]

[Event "Titled Tuesday Blitz December 27 Early 2022"]
[White "Beerdsen, Thomas"]
[Black "Kabanov, Nikolai"]
[WhiteFideId "1030108"]
[BlackFideId "4127820"]
[WhiteElo "2507"]
[BlackElo "2429"]
[Result "1-0"]
[Round "03"]
[TimeControl "180+2"]
[Date "2022.12.27"]
[WhiteClock "0:00:13"]
[BlackClock "0:00:07"]

1. b3 d5 2. Bb2 Bg4 3. f3 Bh5 4. g4 Bg6 5. h4 h5 6. gxh5 Rxh5 7. Bh3 e5 8. Kf1 Nc6 9. Nc3 Rxh4 10. Qe1 Be7 11. e4 Nd4 12. Nxd5 Nxc2 13. Qg3 Nxa1 14. Qxe5 Nf6 15. Nxc7+ Kf8 16. Nxa8 Qd3+ 17. Kf2 Qxd2+ 18. Ne2 Bd6 19. Qd4 Qxd4+ 20. Nxd4 Nh5 21. Bxa1 Nf4 22. Bg2 Rxh1 23. Bxh1 Ke7 24. Bg2 Kd8 25. Bf1 Kc8 26. Nb5 Bb8 27. e5 Bb1 28. Nd6+ Kd7 29. Nxf7 Bxa2 30. Kg3 Ne6 31. Bh3 Bxb3 32. f4 Ke7 33. Nh8 Nf8 34. f5 Bd5 35. Kf4 b6 36. Kg5 Bxa8 37. f6+ gxf6+ 38. exf6+ Kd8 39. f7 Bd6 40. Bf6+ Be7 41. Ng6 Bxf6+ 42. Kxf6 Bd5 43. Nxf8 Bxf7 44. Kxf7 Kc7 45. Ke6 Kc6 46. Nd7 b5 47. Bg2+ Kc7 48. Ne5 a5 49. Kd5 Kb6 50. Kd4 a4 51. Kc3 Kc5 52. Nd3+ Kb6 53. Kb4 Kc7 54. Kxb5 a3 55. Nb4 Kd6 56. Ka4 Ke5 57. Kxa3 Kd4 58. Kb3 Kc5 59. Kc3 Kb5 60. Nd3 Kb6 61. Kc4 Kc7 62. Kd5 Kd7 63. Ke5 Ke7 64. Bd5 Kd7 65. Nb4 Ke7 66. Be6 Kf8 67. Kf6 Ke8 68. Nd5 Kd8 69. Ne7 Kc7 70. Ke5 Kb6 71. Kd6 Kb5 72. Nc6 Ka4 73. Kc5 Ka3 74. Kc4 Kb2 75. Nd4 Kc1 76. Kc3 Kd1 77. Kd3 Kc1 78. Ba2 Kb2 79. Bd5 Ka3 80. Kc3 Ka4 81. Be6 Ka3 82. Bf7 Ka4 83. Be6 Ka3 84. Nb5+ Ka4 85. Kc4 Ka5 86. Kc5 Ka4 87. Bf7 Ka5 88. Bb3 Ka6 89. Nd6 Ka5 90. Nb7+ Ka6 91. Kc6 Ka7 92. Bc4 Kb8 93. Kb6 Kc8 94. Be6+ Kb8 95. Nc5 Ka8 96. Bf5 Kb8 97. Na6+ Ka8 98. Be4# 1-0


[Site "https://www.chess.com"]

[Event "Titled Tuesday Blitz December 27 Early 2022"]
[White "Berezin, Viktor"]
[Black "Bas Mas, Jose Joaquin"]
[WhiteFideId "14107872"]
[BlackFideId "22219064"]
[WhiteElo "2307"]
[BlackElo "2197"]
[Result "1-0"]
[Round "03"]
[TimeControl "180+2"]
[Date "2022.12.27"]
[WhiteClock "0:00:21"]
[BlackClock "0:00:08"]

1. d4 f5 2. g3 Nf6 3. Bg2 e6 4. Nf3 d5 5. c4 c6 6. O-O Be7 7. b3 O-O 8. Ba3 a5 9. Bxe7 Qxe7 10. Nbd2 Nbd7 11. Ne1 b5 12. Nd3 bxc4 13. bxc4 Ba6 14. Rc1 Rfc8 15. Re1 Ne4 16. c5 e5 17. dxe5 Nxe5 18. Nxe5 Qxe5 19. Nf3 Qf6 20. Nd4 Rab8 21. e3 Rb2 22. Rc2 Rcb8 23. Bf1 Bxf1 24. Rxf1 f4 25. Qg4 Rxc2 26. Nxc2 Nxc5 27. exf4 Qe6 28. Qg5 h6 29. Qh5 Qe4 30. Ne3 d4 31. Nf5 Rd8 32. Qg6 Ne6 33. Nxh6+ 1-0


[Site "https://www.chess.com"]

[Event "Titled Tuesday Blitz December 27 Early 2022"]
[White "Bettalli, Francesco"]
[Black "Warchol, Kamil"]
[WhiteFideId "2816453"]
[BlackFideId "21858241"]
[WhiteElo "2252"]
[BlackElo "2173"]
[Result "1-0"]
[Round "03"]
[TimeControl "180+2"]
[Date "2022.12.27"]
[WhiteClock "0:00:46"]
[BlackClock "0:00:01"]

1. d4 Nf6 2. Nc3 d5 3. Bg5 c6 4. Bxf6 exf6 5. e4 dxe4 6. Nxe4 Bf5 7. Ng3 Bg6 8. Nf3 Bd6 9. Bd3 O-O 10. O-O Qe8 11. Re1 Qd7 12. c3 Na6 13. Qc2 c5 14. Bxg6 hxg6 15. dxc5 Nxc5 16. Rad1 Qc7 17. Rd4 Rfe8 18. Red1 Rad8 19. b4 Ne6 20. R4d2 Bf4 21. Rd5 Rxd5 22. Rxd5 Rc8 23. Ne2 Qc4 24. Nxf4 Nxf4 25. Rd2 Qxc3 26. Qxc3 Rxc3 27. h3 Nxh3+ 28. gxh3 Ra3 29. Kg2 g5 30. Nd4 g6 31. Nb5 Ra4 32. Rb2 a6 33. Nd6 b5 34. Ne4 Kg7 35. Nc5 Ra3 36. Rd2 a5 37. bxa5 Rxa5 38. Nb3 Ra4 39. Nd4 b4 40. Rb2 b3 41. Nxb3 f5 42. Nd2 Ra3 43. Nc4 Ra4 44. Rc2 f4 45. a3 1-0


[Site "https://www.chess.com"]

[Event "Titled Tuesday Blitz December 27 Early 2022"]
[White "Bintang, Rasyid A. Hidayat"]
[Black "Taboas Rodriguez, Daniel"]
[WhiteFideId "7105355"]
[BlackFideId "2208466"]
[WhiteElo "1820"]
[BlackElo "2371"]
[Result "1-0"]
[Round "03"]
[TimeControl "180+2"]
[Date "2022.12.27"]
[WhiteClock "0:00:15"]
[BlackClock "0:00:21"]

1. d4 d5 2. Bf4 c6 3. e3 Qb6 4. Nd2 Nf6 5. Ngf3 Qxb2 6. Bd3 Qb6 7. O-O Bg4 8. h3 Bxf3 9. Nxf3 Qd8 10. Rb1 Qc8 11. c4 e6 12. Qc2 Be7 13. Rfc1 O-O 14. Bg5 h6 15. Bh4 Nbd7 16. cxd5 exd5 17. Bf5 g6 18. Bxg6 Re8 19. Bf5 Kg7 20. Ne5 Qc7 21. Bg3 Bd6 22. Nxd7 Bxg3 23. Nxf6 Bh2+ 24. Kh1 Kxf6 25. Bg4 Bd6 26. Qf5+ Kg7 27. Bf3 Qe7 28. Re1 Rab8 29. e4 Qg5 30. Qxg5+ hxg5 31. exd5 Rxe1+ 32. Rxe1 cxd5 33. Bxd5 b6 34. Bb3 Rd8 35. g3 Bb4 36. Rd1 f5 37. Kg2 Kf6 38. Kf3 b5 39. d5 a5 40. a4 bxa4 41. Bxa4 Ke5 42. Bc6 Rh8 43. Rh1 Bc5 44. h4 g4+ 45. Kg2 Kf6 46. Re1 Rb8 47. Re6+ Kg7 48. d6 Rb2 49. d7 Rxf2+ 50. Kh1 Rf3 51. Bxf3 1-0


[Site "https://www.chess.com"]

[Event "Titled Tuesday Blitz December 27 Early 2022"]
[White "Bluebaum, Matthias"]
[Black "Yuan, Qingyu"]
[WhiteFideId "24651516"]
[BlackFideId "8609772"]
[WhiteElo "2669"]
[BlackElo "2373"]
[Result "1-0"]
[Round "03"]
[TimeControl "180+2"]
[Date "2022.12.27"]
[WhiteClock "0:02:18"]
[BlackClock "0:00:05"]

1. d4 Nf6 2. c4 e6 3. Nc3 Bb4 4. e3 O-O 5. Bd2 d5 6. Nf3 b6 7. cxd5 exd5 8. Rc1 Be7 9. Bd3 c5 10. Ne5 Bb7 11. O-O Nc6 12. a3 Bd6 13. Ng4 cxd4 14. exd4 Nxd4 15. Bg5 Be7 16. Bxh7+ Nxh7 17. Bxe7 Qxe7 18. Qxd4 Rad8 19. Ne3 Qf6 20. Rcd1 Rd7 21. Ncxd5 Bxd5 22. Nxd5 Qxd4 23. Rxd4 Rfd8 24. Rfd1 Kf8 25. R4d3 Nf6 26. Nb4 Rxd3 27. Rxd3 Rc8 28. Rd1 a5 29. Nd3 Rc2 30. Kf1 Ne4 31. Ke1 f6 32. f3 Nd6 33. Rd2 Rc6 34. Kf2 Nf5 35. Nf4 Kf7 36. g4 Ne7 37. h4 g5 38. hxg5 fxg5 39. Ne2 Kf6 40. Nc3 Ng6 41. Ne4+ Ke5 42. Nxg5 Nf4 43. Kg3 Rg6 44. Nf7+ Kf6 45. Kxf4 Kxf7 46. Rd7+ Ke8 47. Rb7 Rc6 48. g5 Rc2 49. Rxb6 Rc6 50. Rxc6 1-0


[Site "https://www.chess.com"]

[Event "Titled Tuesday Blitz December 27 Early 2022"]
[White "Bochnicka, Vladimir"]
[Black "Salimova, Nurgyul"]
[WhiteFideId "14943450"]
[BlackFideId "2915138"]
[WhiteElo "2327"]
[BlackElo "2391"]
[Result "0-1"]
[Round "03"]
[TimeControl "180+2"]
[Date "2022.12.27"]
[WhiteClock "0:00:03"]
[BlackClock "0:00:03"]

1. e4 e5 2. Nf3 Nc6 3. Bc4 Nf6 4. d3 Bc5 5. c3 d6 6. Nbd2 a6 7. Nf1 Qe7 8. Bb3 Be6 9. Ng3 h6 10. O-O Bb6 11. Bc2 O-O-O 12. b4 d5 13. Qe2 d4 14. c4 Nxb4 15. Nxe5 h5 16. Ba3 Bc5 17. Bxb4 Bxb4 18. Rfb1 h4 19. Nf5 Bxf5 20. exf5 Bc3 21. Qf3 Qxe5 22. Qxb7+ Kd7 23. Ba4+ Ke7 24. f4 Qe3+ 25. Kh1 Kf8 26. Qxc7 Qe7 27. Qxe7+ Kxe7 28. Rb7+ Kf8 29. Rab1 Rh5 30. Ra7 Rxf5 31. Rbb7 Ng4 32. h3 Nf2+ 33. Kh2 Rxf4 34. Rxa6 Nxd3 35. Bb3 Nc5 36. Raa7 Nxb7 37. Rxb7 Be1 38. c5 Bg3+ 39. Kg1 d3 40. c6 d2 41. Bd1 Re4 0-1


[Site "https://www.chess.com"]

[Event "Titled Tuesday Blitz December 27 Early 2022"]
[White "Bok, Benjamin"]
[Black "Mischuk, Dmitry"]
[WhiteFideId "1017063"]
[BlackFideId "14118734"]
[WhiteElo "2607"]
[BlackElo "2298"]
[Result "1-0"]
[Round "03"]
[TimeControl "180+2"]
[Date "2022.12.27"]
[WhiteClock "0:00:45"]
[BlackClock "0:00:42"]

1. d4 d5 2. c4 e6 3. Nc3 c5 4. cxd5 exd5 5. Nf3 Nc6 6. g3 Nf6 7. Bg2 Be7 8. O-O O-O 9. dxc5 Bxc5 10. b3 Bg4 11. Bb2 a6 12. h3 Bf5 13. e3 Ba7 14. Ne2 Be4 15. Nf4 Rc8 16. Rc1 Re8 17. Qd2 Qe7 18. Rfd1 Red8 19. Nd4 Bxd4 20. Bxd4 Bxg2 21. Bxf6 Qxf6 22. Kxg2 d4 23. exd4 g5 24. Nh5 Qg6 25. g4 h6 26. d5 Ne5 27. Rxc8 Qe4+ 28. Kh2 Nf3+ 29. Kg3 Qe5+ 30. Kxf3 Rxc8 31. Qd4 Rc3+ 32. Kg2 Rg3+ 33. fxg3 Qe2+ 34. Kg1 1-0


[Site "https://www.chess.com"]

[Event "Titled Tuesday Blitz December 27 Early 2022"]
[White "Boros, Denes"]
[Black "Hsu, Li Yang"]
[WhiteFideId "722340"]
[BlackFideId "5800080"]
[WhiteElo "2406"]
[BlackElo "2427"]
[Result "0-1"]
[Round "03"]
[TimeControl "180+2"]
[Date "2022.12.27"]
[WhiteClock "0:00:38"]
[BlackClock "0:00:11"]

1. d4 Nf6 2. Nc3 d5 3. Nf3 g6 4. g3 Bg7 5. Bg2 O-O 6. O-O c6 7. Re1 Bf5 8. h3 Ne4 9. Nh4 Nxc3 10. bxc3 Be6 11. a4 Nd7 12. a5 b6 13. c4 bxa5 14. Bd2 Bxd4 15. Bxa5 Bb6 16. Bc3 Nf6 17. Qc1 d4 18. Bb2 Bxc4 19. Qh6 Rc8 20. Nf3 Bd5 21. Ng5 Bxg2 22. Kxg2 e5 23. e4 Re8 24. Ba3 c5 25. f4 Qd6 26. Rf1 Qf8 27. Qh4 Qg7 28. f5 Bd8 29. g4 Nd7 30. Bc1 h6 31. f6 Bxf6 32. Rxf6 Nxf6 33. Nf3 g5 34. Qe1 Qg6 35. Ra6 Re6 36. Rxa7 Qxe4 37. Qf2 Qd5 38. Kh2 Rce8 39. c4 dxc3 40. Be3 e4 41. Ne1 Qe5+ 42. Kg2 R8e7 43. Ra8+ Re8 44. Ra7 R6e7 45. Ra6 Nd5 46. Rxh6 Nf4+ 47. Kg1 Re6 48. Rxe6 Nxh3+ 0-1


[Site "https://www.chess.com"]

[Event "Titled Tuesday Blitz December 27 Early 2022"]
[White "Bryakin, Mikhail"]
[Black "Ronka, Erik"]
[WhiteFideId "4165314"]
[BlackFideId "505080"]
[WhiteElo "2455"]
[BlackElo "2276"]
[Result "1-0"]
[Round "03"]
[TimeControl "180+2"]
[Date "2022.12.27"]
[WhiteClock "0:01:03"]
[BlackClock "0:00:03"]

1. e4 c6 2. Nc3 d5 3. Nf3 dxe4 4. Nxe4 Nf6 5. Nxf6+ exf6 6. d4 Bd6 7. c3 O-O 8. Be2 Nd7 9. O-O Re8 10. Be3 Nf8 11. Qd2 Be6 12. a4 Bc7 13. c4 Qd6 14. b4 Rad8 15. Rac1 Ng6 16. g3 f5 17. d5 cxd5 18. Bxa7 dxc4 19. Qxd6 Bxd6 20. Bxc4 Bxb4 21. Bb5 Bd7 22. Rfd1 Bxb5 23. Rxd8 Rxd8 24. axb5 Bd6 25. Nd4 Ne7 26. Rc4 f6 27. Bb6 Rc8 28. Ra4 Nd5 29. Ba7 g6 30. Nb3 Nc3 31. Ra5 Bb4 32. Ra1 Nxb5 33. Be3 Nc3 34. Ra7 Nd5 35. Bd4 b5 36. Rd7 Ne7 37. Bxf6 Kf7 38. Bg5 Ke8 39. Rb7 Rc3 40. Nd4 Bc5 41. Ne6 Rc2 42. Nxc5 Rxc5 43. Rxe7+ Kf8 44. Rxh7 b4 45. Be7+ Kg8 46. Bxc5 Kxh7 47. Bxb4 1-0


[Site "https://www.chess.com"]

[Event "Titled Tuesday Blitz December 27 Early 2022"]
[White "Cardoso Cardoso, Jose Gabriel"]
[Black "Kvaloy, Aksel Bu"]
[WhiteFideId "4430492"]
[BlackFideId "1528815"]
[WhiteElo "2492"]
[BlackElo "2321"]
[Result "1-0"]
[Round "03"]
[TimeControl "180+2"]
[Date "2022.12.27"]
[WhiteClock "0:00:32"]
[BlackClock "0:00:54"]

1. d4 Nf6 2. Nc3 g6 3. h4 Bg7 4. e4 d6 5. Be3 h6 6. h5 g5 7. f3 a6 8. Qd2 b5 9. a4 b4 10. Nd1 a5 11. c3 bxc3 12. bxc3 Nbd7 13. Bb5 Bb7 14. Ne2 c6 15. Bd3 c5 16. Rb1 Qc7 17. O-O e6 18. Nf2 Nxh5 19. dxc5 Nxc5 20. Bb5+ Bc6 21. Rfd1 Bxb5 22. axb5 Be5 23. b6 Qb7 24. Ng4 Nd7 25. Nxe5 dxe5 26. c4 Nhf6 27. c5 O-O 28. Bxg5 hxg5 29. Qxg5+ Kh8 30. Kf2 Nh7 31. Rh1 Nxc5 32. Rxh7+ Kxh7 33. Rh1# 1-0


[Site "https://www.chess.com"]

[Event "Titled Tuesday Blitz December 27 Early 2022"]
[White "Christiansen, Johan-Sebastian"]
[Black "Lenderman, Aleksandr"]
[WhiteFideId "1512668"]
[BlackFideId "2021285"]
[WhiteElo "2579"]
[BlackElo "2572"]
[Result "0-1"]
[Round "03"]
[TimeControl "180+2"]
[Date "2022.12.27"]
[WhiteClock "0:00:01"]
[BlackClock "0:00:34"]

1. e4 e6 2. d4 d5 3. e5 c5 4. c3 Nc6 5. Nf3 Nge7 6. Be2 Nf5 7. h4 cxd4 8. g4 Nh6 9. Bxh6 gxh6 10. cxd4 Qb6 11. Qd2 Bd7 12. Nc3 Rc8 13. g5 hxg5 14. hxg5 Bb4 15. O-O h6 16. gxh6 Bf8 17. Nb5 Nb4 18. Nd6+ Bxd6 19. exd6 Qxd6 20. Rac1 Nc6 21. Bb5 Qf8 22. Bxc6 Bxc6 23. Ne5 Rxh6 24. f4 f6 25. Nf3 Kd7 26. Kf2 Qh8 27. Rg1 Rh3 28. Rg2 Rg8 29. Rcg1 Rxg2+ 30. Rxg2 Qh5 31. Qe3 Qh7 32. Qd2 Qe4 33. Qe3 Bb5 34. Qxe4 dxe4 35. Ne1 e3+ 36. Kg1 Bc6 37. Rg7+ Kd6 38. Kf1 Rh2 39. Nd3 Bf3 0-1


[Site "https://www.chess.com"]

[Event "Titled Tuesday Blitz December 27 Early 2022"]
[White "Ciuffoletti, Paolo"]
[Black "Ambartsumova, Karina"]
[WhiteFideId "807630"]
[BlackFideId "4166299"]
[WhiteElo "2106"]
[BlackElo "2393"]
[Result "0-1"]
[Round "03"]
[TimeControl "180+2"]
[Date "2022.12.27"]
[WhiteClock "0:00:19"]
[BlackClock "0:00:34"]

1. e4 c5 2. d4 cxd4 3. c3 d3 4. Bxd3 Nc6 5. c4 Nf6 6. Nc3 e6 7. Nf3 d6 8. O-O Be7 9. Qe2 O-O 10. Rd1 Qc7 11. h3 a6 12. Bf4 Ne5 13. Rac1 b6 14. b3 Bb7 15. Bb1 Rac8 16. Nd4 Qb8 17. Bh2 Bd8 18. f4 Nc6 19. e5 dxe5 20. fxe5 Ne8 21. Ne4 Nxe5 22. Qh5 Bc7 23. Bxe5 Bxe5 24. Ng5 Nf6 25. Bxh7+ Kh8 26. Nxf7+ Rxf7 27. Qxf7 Bxd4+ 28. Rxd4 Qg3 29. Qg6 Qe3+ 30. Kh2 Qxd4 0-1


[Site "https://www.chess.com"]

[Event "Titled Tuesday Blitz December 27 Early 2022"]
[White "Cnejev, Vladimir-Alexandru"]
[Black "Orozbaev, Eldiar"]
[WhiteFideId "1260898"]
[BlackFideId "13802240"]
[WhiteElo "2374"]
[BlackElo "2235"]
[Result "1-0"]
[Round "03"]
[TimeControl "180+2"]
[Date "2022.12.27"]
[WhiteClock "0:02:06"]
[BlackClock "0:01:55"]

1. e4 e6 2. d4 d5 3. e5 c5 4. c3 Nc6 5. Nf3 Qb6 6. a3 f6 7. Bd3 c4 8. Bc2 fxe5 9. Nxe5 Nf6 10. O-O Bd6 11. Re1 O-O 12. f4 Qc7 13. Nd2 Bd7 14. h3 Ne7 15. g4 Kh8 16. g5 Nfg8 17. Qh5 Nf5 18. Ng6# 1-0


[Site "https://www.chess.com"]

[Event "Titled Tuesday Blitz December 27 Early 2022"]
[White "Csonka, Balazs"]
[Black "Korobov, Anton"]
[WhiteFideId "742910"]
[BlackFideId "14105730"]
[WhiteElo "2496"]
[BlackElo "2664"]
[Result "1-0"]
[Round "03"]
[TimeControl "180+2"]
[Date "2022.12.27"]
[WhiteClock "0:00:23"]
[BlackClock "0:02:02"]

1. d4 Nf6 2. c4 e6 3. Nf3 d5 4. Nc3 c6 5. Bg5 h6 6. Bh4 dxc4 7. e4 g5 8. Bg3 b5 9. Be2 Bb7 10. O-O Nbd7 11. Ne5 h5 12. Nxd7 Qxd7 13. Be5 Rh6 14. Qc1 Rg6 15. Rd1 Ng4 16. Bg3 f5 17. h3 h4 18. hxg4 hxg3 19. gxf5 gxf2+ 20. Kxf2 exf5 21. Bh5 Qh7 22. Qxg5 1-0


[Site "https://www.chess.com"]

[Event "Titled Tuesday Blitz December 27 Early 2022"]
[White "Danaci, Ege"]
[Black "Shuvalov, Evgenij"]
[WhiteFideId "34506748"]
[BlackFideId "4187237"]
[WhiteElo "2088"]
[BlackElo "2038"]
[Result "0-1"]
[Round "03"]
[TimeControl "180+2"]
[Date "2022.12.27"]
[WhiteClock "0:00:04"]
[BlackClock "0:00:05"]

1. e4 e6 2. d4 d5 3. Nd2 c5 4. Ngf3 Nc6 5. exd5 exd5 6. dxc5 Bxc5 7. Nb3 Bb6 8. Be2 Nf6 9. O-O O-O 10. Bg5 Re8 11. c3 h6 12. Bh4 g5 13. Bg3 Ne4 14. Nfd4 f5 15. Bh5 Re7 16. f3 Nxg3 17. hxg3 Qf8 18. g4 Qg7 19. Qd3 Ne5 20. Qb5 fxg4 21. fxg4 Bxg4 22. Qxd5+ Kh8 23. Bxg4 Nxg4 24. Rae1 Ne3 25. Qd6 Rd8 26. Qb4 Ree8 27. Rf2 Ng4 28. Rfe2 Rxe2 29. Rxe2 Qc7 30. Kf1 Qf4+ 31. Ke1 Rf8 32. Kd1 Qf1+ 33. Re1 Nf2+ 34. Kd2 Qd3+ 35. Kc1 Rg8 36. Qe7 Qh7 37. Qe5+ Qg7 38. Qe3 Ng4 39. Qe4 Nf6 40. Qe5 Nh7 41. a4 Qxe5 42. Rxe5 Rg7 43. a5 Rg8 44. axb6 axb6 45. Re7 Nf6 46. Rxb7 Nd5 47. Rd7 Ne3 48. Kd2 Nxg2 49. Rd6 Nf4 50. Rxh6+ Kg7 51. Rxb6 Rh8 52. Nf5+ Kf7 53. Nbd4 Rh2+ 54. Ke3 Nd5+ 55. Kf3 Nxb6 56. b4 Rb2 57. Kg4 Nd5 58. Kxg5 Nxc3 59. Kf4 Rxb4 60. Ke5 Rb1 61. Nd6+ Kg7 62. Nc4 Re1+ 63. Kd6 Re4 64. Kc5 Na4+ 65. Kb4 Rxd4 0-1


[Site "https://www.chess.com"]

[Event "Titled Tuesday Blitz December 27 Early 2022"]
[White "Danielyan, Vahe"]
[Black "Fabris, Alberto"]
[WhiteFideId "13304828"]
[BlackFideId "801348"]
[WhiteElo "2346"]
[BlackElo "2230"]
[Result "1-0"]
[Round "03"]
[TimeControl "180+2"]
[Date "2022.12.27"]
[WhiteClock "0:02:15"]
[BlackClock "0:00:24"]

1. e4 c5 2. Nc3 Nc6 3. Bb5 Nd4 4. Nf3 g6 5. O-O Bg7 6. Nxd4 cxd4 7. Ne2 e6 8. c3 dxc3 9. bxc3 Ne7 10. d4 O-O 11. Bg5 d6 12. Bd3 Qc7 13. h4 d5 14. e5 h6 15. Bxe7 Qxe7 16. h5 g5 17. Bc2 f5 18. exf6 Bxf6 19. Qd3 Bd7 20. Rae1 Qg7 21. f4 g4 22. Ng3 Rae8 23. f5 Bh4 24. fxe6 Rxf1+ 25. Rxf1 Bxe6 26. Nf5 Bxf5 27. Qxf5 Rd8 28. Qe6+ Kh8 29. Rf7 1-0


[Site "https://www.chess.com"]

[Event "Titled Tuesday Blitz December 27 Early 2022"]
[White "Darini, Pouria"]
[Black "Svane, Rasmus"]
[WhiteFideId "12502200"]
[BlackFideId "4657101"]
[WhiteElo "2401"]
[BlackElo "2623"]
[Result "0-1"]
[Round "03"]
[TimeControl "180+2"]
[Date "2022.12.27"]
[WhiteClock "0:00:05"]
[BlackClock "0:00:19"]

1. c4 Nf6 2. Nf3 e6 3. g3 d5 4. Bg2 dxc4 5. Qa4+ Bd7 6. Qxc4 c5 7. Ne5 Qc8 8. Qd3 Nc6 9. Nxd7 Nxd7 10. b3 Be7 11. Bb2 O-O 12. Nc3 Rd8 13. O-O Nf6 14. Qc2 Nd4 15. Qd1 Qd7 16. d3 Rac8 17. Rc1 h6 18. Qd2 b6 19. Rfd1 Nc6 20. Qe1 Qe8 21. e3 Nb4 22. Qe2 Nc6 23. f4 Nd5 24. Nxd5 exd5 25. Qg4 Bf8 26. e4 dxe4 27. Bxe4 Nd4 28. Bxd4 Rxd4 29. Re1 Qd8 30. h4 Rc7 31. h5 Qf6 32. Qf5 Qxf5 33. Bxf5 Re7 34. Rxe7 Bxe7 35. Re1 Kf8 36. Kg2 Bf6 37. Kf3 a5 38. Re4 Rxd3+ 39. Ke2 Rxg3 40. Bd7 Be7 41. Kf2 Rd3 42. Bb5 Rd2+ 43. Re2 Rd4 44. Kf3 Rd8 45. Bc4 Bf6 46. Re3 Rd2 47. a4 Rd4 48. Rd3 g6 49. Rxd4 cxd4 50. Ke4 gxh5 51. Be2 h4 52. Bg4 Ke7 53. Bh3 Kd6 54. Bg4 Kc5 55. Kd3 Be7 56. Bh3 Bd6 57. f5 Kd5 58. Bg2+ Ke5 59. Bh3 f6 60. Bg2 Bc5 61. Bh3 Kf4 0-1


[Site "https://www.chess.com"]

[Event "Titled Tuesday Blitz December 27 Early 2022"]
[White "Delorme, Alban"]
[Black "Bilan, Danila"]
[WhiteFideId "623636"]
[BlackFideId "24161918"]
[WhiteElo "2298"]
[BlackElo "2303"]
[Result "0-1"]
[Round "03"]
[TimeControl "180+2"]
[Date "2022.12.27"]
[WhiteClock "0:01:07"]
[BlackClock "0:00:16"]

1. e4 c6 2. d4 d5 3. exd5 cxd5 4. Nf3 Nf6 5. Bb5+ Nc6 6. Ne5 Bd7 7. Nxd7 Qxd7 8. O-O e6 9. Bg5 Ne4 10. Bf4 Bd6 11. Bxd6 Qxd6 12. Nd2 O-O 13. Nxe4 dxe4 14. c3 a6 15. Ba4 b5 16. Bc2 f5 17. f3 exf3 18. Qxf3 Na5 19. Rae1 Rae8 20. Bd3 g6 21. Re5 Nc6 22. Rc5 Nxd4 23. cxd4 Qxd4+ 24. Qf2 Qxd3 25. Rc6 a5 26. Rfc1 Rf7 27. Qf4 Rd7 28. Qd6 Rxd6 0-1


[Site "https://www.chess.com"]

[Event "Titled Tuesday Blitz December 27 Early 2022"]
[White "Demidov, Mikhail"]
[Black "Kowalczyk, Pawel"]
[WhiteFideId "4197143"]
[BlackFideId "1130641"]
[WhiteElo "2583"]
[BlackElo "2332"]
[Result "1-0"]
[Round "03"]
[TimeControl "180+2"]
[Date "2022.12.27"]
[WhiteClock "0:01:18"]
[BlackClock "0:01:19"]

1. Nf3 c6 2. c4 d5 3. cxd5 cxd5 4. d4 Nc6 5. Nc3 Nf6 6. Bf4 a6 7. Rc1 g6 8. e3 Bg7 9. h3 O-O 10. Be2 e6 11. O-O Bd7 12. Na4 Ne4 13. Nc5 Nxc5 14. Rxc5 Re8 15. Qd2 Bf8 16. Rcc1 Rc8 17. Qd3 Qa5 18. Qb1 Qb6 19. Rc3 Na5 20. Rfc1 Rxc3 21. Rxc3 Rc8 22. Qc2 Rxc3 23. Qxc3 Bb4 24. Bc7 Qc6 25. Qxb4 Qxc7 26. g4 Nc6 27. Qc5 b6 28. Qc3 a5 29. Ne5 Qd6 30. Nxd7 1-0


[Site "https://www.chess.com"]

[Event "Titled Tuesday Blitz December 27 Early 2022"]
[White "Derjabin, Ilja"]
[Black "Bogaudinov, Rushan"]
[WhiteFideId "14104768"]
[BlackFideId "4129288"]
[WhiteElo "2333"]
[BlackElo "1939"]
[Result "0-1"]
[Round "03"]
[TimeControl "180+2"]
[Date "2022.12.27"]
[WhiteClock "0:00:31"]
[BlackClock "0:00:20"]

1. d4 Nf6 2. c4 e6 3. Nc3 d5 4. cxd5 exd5 5. Bg5 c6 6. e3 Be7 7. Bd3 Nbd7 8. Nge2 h6 9. Bh4 Nh5 10. Bxe7 Qxe7 11. Qc2 O-O 12. O-O g6 13. Rae1 Ng7 14. Ng3 Nf6 15. f3 Rd8 16. e4 dxe4 17. Ncxe4 Nxe4 18. Nxe4 Bf5 19. Bc4 Rxd4 20. Qc3 Rad8 21. Ng3 Qd7 22. Kh1 h5 23. Bb3 h4 24. Nxf5 Nxf5 25. Qc5 b6 26. Qc1 Kg7 27. Qg5 c5 28. Bc2 Rd5 29. Be4 Ng3+ 30. Qxg3 hxg3 31. Bxd5 Qxd5 0-1


[Site "https://www.chess.com"]